 Dungeon Crawl Stone Soup version 0.29.1-2-gbd0b4ee654 (webtiles) character file.

Game seed: 6304588996360999561

252 kingsuperguy the Slasher (level 5, -4/48 HPs)
             Began as a Minotaur Berserker on Nov 16, 2022.
             Was a Priest of Trog.
             Slain by Sigmund
             ... wielding a +0 scythe
              (10 damage)
             ... while paralysed
             ... on level 3 of the Dungeon.
             The game lasted 00:03:11 (2475 turns).

kingsuperguy the Slasher (Minotaur Berserker)       Turns: 2475, Time: 00:03:12

Health: -4/48      AC:  4    Str: 19 (21) XL:     5   Next: 89%
Magic:  4/4        EV:  2    Int:  0 (3)  God:    Trog [***...]
Gold:   181        SH:  0    Dex: 14 (15) Spells: 4/4 levels left

rFire   . . .      SeeInvis .   q - +4 dagger (protect)
rCold   . . .      Faith    .   (no shield)
rNeg    . . .      Spirit   .   r - +2 robe
rPois   .          Reflect  .   (helmet restricted)
rElec   .          Harm     .   (no cloak)
rCorr   .          Rampage  .   (no gloves)
Will    .....                   (no boots)
Stlth   +.........              (no amulet)
HPRegen 0.16/turn               (no ring)
MPRegen 0.09/turn               (no ring)

@: paralysed, slowed, lost intelligence, unable to read
A: horns 2, retaliatory headbutt, agile 1
a: Renounce Religion, Berserk, Trog's Hand


You were on level 3 of the Dungeon.
You worshipped Trog.
Trog was most pleased with you.
You visited 1 branch of the dungeon, and saw 3 of its levels.

You collected 181 gold pieces.

Inventory:

Hand Weapons
 a - a +0 falchion
 n - a +0 sling
 q - a +4 dagger of protection (weapon)
Armour
 b - a +0 animal skin
 o - a +1 helmet
 r - a +2 robe (worn)
Jewellery
 s - a ring of positive energy
 v - a ring of protection from cold
Wands
 p - a wand of roots (16)
Scrolls
 e - a scroll of torment {unknown}
 f - a scroll of butterflies {unknown}
 g - 3 scrolls of teleportation {unknown}
 h - 2 scrolls of magic mapping {unknown}
 i - a scroll of noise {unknown}
 j - a scroll of vulnerability {unknown}
 k - 2 scrolls of enchant weapon {unknown}
 u - 2 scrolls of amnesia {unknown}
 w - a scroll of identify {unknown}
 y - a scroll of summoning {unknown}
 z - a scroll of acquirement {unknown}
Potions
 c - a potion of haste {unknown}
 d - a potion of degeneration
 m - a potion of resistance {unknown}
 t - 2 potions of heal wounds {unknown}
 x - 2 potions of brilliance


   Skills:
 + Level 5.1 Fighting
 + Level 1.8(4.0) Short Blades
 + Level 6.1(6.3) Long Blades
 + Level 2.5 Armour
 + Level 2.8 Dodging
 + Level 0.4 Stealth


You had 4 spell levels left.
You didn't know any spells.
Your spell library was empty.

Dungeon Overview and Level Annotations

Branches:
Dungeon (3/15)

Altars:
Kikubaaqudgha

Annotations:
D:3 1 runed translucent door, Crazy Yiuf, Sigmund


Innate Abilities, Weirdness & Mutations

You have a pair of horns on your head.
You reflexively headbutt those who attack you in melee.
You are agile. (Dex +4, Str/Int -1)


Message History

The magic dart hits you!
You hear some strange, mumbled words.
You are confused.
You're too confused to move!
You are too confused!
Something hits you.
You bump into the rock wall.
You hear some strange, mumbled words.
You are more confused.
You closely miss something. Something hits you.
You bump into the rock wall.
You bump into the rock wall.
Something hits you!
You are too confused!
You miss something. You hit something.
Your weapon exudes an aura of protection.
Something hits you but does no damage.
You're too confused to move!
Something hits you!
You bump into the rock wall.
You hear some strange, mumbled words.
A puff of flame appears from out of thin air!
The puff of flame hits you.
A magic dart appears from out of thin air!
The magic dart hits you.
Okay, then.
It was a potion of degeneration.
There was something very wrong with that liquid.
You feel weakened.
You feel dopey.
You feel clumsy.
It was a potion of mutation.
You feel extremely strange.
You feel agile.
You have lost your intelligence.
Something hits you.
* * * LOW HITPOINT WARNING * * *
You feel less confused.
You hear some strange, mumbled words.
A puff of flame appears from out of thin air!
The puff of flame hits you!
* * * LOW HITPOINT WARNING * * *
Something hits you!
You die...

....##.# #.# .?. #†#
#.# ... #.# #.# #.#
#.# #.# #.# #)# #.#
#)# #.###.## #### #{#
#......# #..) #.#
#####..# #... #@#
##.# ... #.# #.# #+#
##########.# #.# ♣♣.♣
#..........## #.#
♣.♣♣
#.##...÷....#######.#
♣♣.♣ #
#.##.###............#
♣.♣♣ # #.##.#
#.##.######### ♣♣.♣♣
# #.##.#
#.##.........# ♣...♣
##### #.##.#
#.#########.## ♣....


There were no monsters in sight!

Vanquished Creatures
  An orc priest (D:3)
  Jessica (D:2)
  An orc wizard (D:3)
  Natasha (twice) (D:3)
  Robin (D:2)
  3 adders
  A dart slug (D:2)
  2 orcs (D:3)
  3 ball pythons
  A bat zombie (D:2)
  4 endoplasms
  13 giant cockroaches
  7 goblins
  10 hobgoblins
  9 kobolds
  2 quokkas
  A ball python skeleton (D:2)
  A ball python zombie (D:2)
  5 bats
  5 frilled lizards
  A quokka zombie (D:2)
  4 rats
78 creatures vanquished.

Notes
Turn   | Place    | Note
-------+----------+-------------------------------------------
     0 | D:1      | kingsuperguy the Minotaur Berserker began the quest for the
                  | Orb.
     0 | D:1      | Reached XP level 1. HP: 19/19 MP: 0/0
   174 | D:1      | Reached skill level 4 in Long Blades
   312 | D:1      | Reached XP level 2. HP: 27/27 MP: 1/1
  1340 | D:2      | Noticed Jessica
  1350 | D:2      | Killed Jessica
  1351 | D:2      | Reached XP level 3. HP: 34/34 MP: 2/2
  1469 | D:2      | Reached ** piety under Trog
  1470 | D:2      | Reached XP level 4. HP: 41/41 MP: 3/3
  1496 | D:2      | Found an ancient bone altar of Kikubaaqudgha.
  1585 | D:2      | Noticed Robin
  1599 | D:2      | Killed Robin
  1657 | D:2      | Found a faded altar of an unknown god.
  1688 | D:2      | Reached skill level 5 in Long Blades
  1907 | D:3      | Noticed Natasha
  1917 | D:3      | Killed Natasha
  1918 | D:3      | Reached skill level 5 in Fighting
  1918 | D:3      | Reached XP level 5. HP: 42/48 MP: 4/4
  1921 | D:3      | Noticed Natasha
  1930 | D:3      | Killed Natasha
  2129 | D:3      | Reached skill level 1 in Short Blades
  2142 | D:3      | Reached skill level 6 in Long Blades
  2294 | D:3      | Reached *** piety under Trog
  2420 | D:3      | Found a runed translucent door.
  2421 | D:3      | Noticed Crazy Yiuf
  2452 | D:3      | Noticed Sigmund
  2473 | D:3      | Lost intelligence.
  2473 | D:3      | Gained mutation: You are agile. (Dex +4, Str/Int -1)
                  | [potion of mutation]
  2475 | D:3      | Slain by Sigmund

Illustrated notes

Levels and vault maps discovered:
D:1:      dpeg_arrival_lava_altar, layout_basic, grunt_decor_junction,
          dreamdust_princess_bridge, chequers_serial_rivers_small_b
D:2:      layout_rooms, serial_undead, serial_undead_d, serial_undead_b,
          serial_undead_a, serial_undead_b, hellmonk_ecumenical_altar_zigzags,
          basic_altar, bh_walls_and_bars, uniq_robin, uniq_jessica
D:3:      minmay_roachtagon, layout_loops_ring, uniq_natasha,
          uniq_crazy_yiuf_cottage, uniq_terence, uniq_sigmund

Skill      XL: |  1  2  3  4  5 |
---------------+----------------+-----
Long Blades    | 4 5 6 |  6.1
Fighting       | 4 5 |  5.1
Short Blades   | 1 |  1.8
Armour         | |  2.5
Dodging        | |  2.8
Stealth        | |  0.4

Action                   |  1- 3 |  4- 6 || total
-------------------------+-------+-------++-------
Melee: Falchion          |    53 |       ||    53
       Headbutt          |    10 |    11 ||    21
       Dagger            |    14 |    93 ||   107
       Punch             |       |     1 ||     1
Invok: Berserk           |     1 |     1 ||     2
  Use: Potion            |       |     2 ||     2
Armor: Animal skin       |    10 |       ||    10
       Robe              |     6 |    30 ||    36
Dodge: Dodged            |    40 |    62 ||   102
